[Event "Early-Titled-Tuesday-Blitz-October-10-2023"]
[Site "Chess.com"]
[Date "2023.10.10"]
[Round "10"]
[White "viktorskliarov"]
[Black "feuervogel1000000"]
[Result "0-1"]
[WhiteElo "2631"]
[BlackElo "2539"]
[TimeControl "180+1"]
[EndTime "9:55:33 PDT"]
[Termination "feuervogel1000000 won on time"]

1. e4 c5 2. Nf3 d6 3. d4 cxd4 4. Qxd4 Nf6 5. Nc3 Nc6 6. Bb5 Bd7 7. Bxc6 Bxc6 8. Bg5 e6 9. O-O-O Be7 10. Rhe1 Qa5 11.
Kb1 h6 12. Bh4 O-O 13. Qd2 Qc7 14. Nd4 Rfd8 15. Bg3 a6 16. f3 b5 17. Bf2 b4 18.
Nce2 d5 19. e5 Nd7 20. Nxc6 Qxc6 21. Nd4 Qb7 22. g4 Nc5 23. h4 Kf8 24. g5 hxg5 25.
hxg5 g6 26. Rh1 Kg7 27. Rh6 Rh8 28. Rdh1 Rxh6 29. gxh6+ Kh7 30. Qf4 Rf8 31. Bh4 Bxh4 32. Qxh4 Rg8 33. Qf6 Qd7 34. Ne2 Qe8 35. Nf4 Nd7 36.
Qg5 Qd8 37. Nh3 f6 38. exf6 Qxf6 39. Qxf6 Nxf6 40. Ng5+ Kh8 41. Nxe6 Re8 42. Nf4 Kh7 43. Nd3 a5 44. a3 bxa3 45. bxa3 Re3 46. Rh3 d4 47.
Kb2 Nd5 48. Kb3 Nf4 49. Rh4 Nxd3 50. cxd3 Rxd3+ 51. Ka4 Rxf3 52. Rxd4 Rf5 53. Rh4 g5 54. Rh1 g4 55. Kb3 g3 56. Kc2 g2 57. Rg1 Rf2+ 58. Kd3 Kxh6 59. Ke3 Ra2 60. Kf3 Rxa3+ 61. Kxg2 Kg5 62.
Rf1 Kg4 63. Rf2 Rg3+ 64. Kh2 a4 65. Ra2 a3 66. Ra1 Rb3 67. Kg2 Rb2+ 68. Kf1 a2 69.
Ke1 Rb1+ 0-1

[Event "Early-Titled-Tuesday-Blitz-October-10-2023"]
[Site "Chess.com"]
[Date "2023.10.10"]
[Round "10"]
[White "Tonychess32"]
[Black "Aleksandar-Topalov"]
[Result "1-0"]
[WhiteElo "2501"]
[BlackElo "2378"]
[TimeControl "180+1"]
[EndTime "9:55:33 PDT"]
[Termination "Tonychess32 won by resignation"]

1. e4 e6 2. d4 d5 3. Bd3 dxe4 4. Bxe4 Nf6 5. Bf3 c5 6. c3 cxd4 7. cxd4 Nc6 8. Ne2 Bb4+ 9. Nbc3 O-O 10. O-O e5 11.
Bxc6 bxc6 12. dxe5 Ng4 13. Bf4 Qe7 14. Nd4 Bxc3 15. bxc3 Nxe5 16. Re1 f6 17. Nxc6 Qc5 18. Nxe5 fxe5 19. Rxe5 Qxc3 20. Qd5+ Kh8 21. Rc1 Qb4 22.
Be3 Bb7 23. Qe6 Rf6 24. Qd7 Bc6 25. Qc7 Qg4 26. Rg5 Qd7 27. Qxd7 Bxd7 28. Rc7 Rd6 29. h3 h6 30. Rg3 a5 31. Bf4 Rd5 32. Bc1 Rc8 33.
Rxc8+ Bxc8 34. Bb2 Rd7 35. Bc3 a4 36. Rg6 Bb7 37.
Rxh6+ Kg8 38. Rb6 Bd5 39. a3 Bb3 40. Bb4 Rd1+ 41. Kh2 Rd5 42. Rb8+ Kh7 43. Rb6 Rg5 44. f3 Rg6 45. Rb7 Rg5 46. Bc3 Rg6 47. Rb4 Bc2 48. Rh4+ Kg8 49. Rd4 Bb3 50. Bb4 Be6 51. g4 Rf6 52.
Kg3 Bf7 53. f4 Rc6 54. f5 Rc1 55. h4 Rg1+ 56. Kf4 Rf1+ 57. Kg5 Rg1 58. h5 Kh7 59. Rd7 Kg8 60. Bc3 Kf8 61. Bb4+ Kg8 62. Ra7 Bb3 63. Bc3 Bd1 64. Rxg7+ Kf8 65. Kf6 Bxg4 66. Bb4+ Ke8 67. h6 Rh1 68. Rxg4 Rxh6+ 69. Rg6 Rh1 70. Rg8+ Kd7 71. Ra8 Rh6+ 72. Kg5 Ra6 73. Rxa6 1-0

[Event "Early-Titled-Tuesday-Blitz-October-10-2023"]
[Site "Chess.com"]
[Date "2023.10.10"]
[Round "10"]
[White "crazy_m_attack"]
[Black "surrenderPLS"]
[Result "1/2-1/2"]
[WhiteElo "2427"]
[BlackElo "2508"]
[TimeControl "180+1"]
[EndTime "9:55:36 PDT"]
[Termination "Game drawn by repetition"]

1. e4 c5 2. Nf3 Nc6 3. d4 cxd4 4. Nxd4 Nf6 5. Nc3 e5 6. Nde2 Bc5 7. Ng3 h6 8. Bd3 O-O 9. O-O a6 10. h3 d6 11. Nce2 d5 12. exd5 Qxd5 13. Nc3 Qd8 14.
Nge4 Nxe4 15. Nxe4 Be7 16. c3 Be6 17. Be3 Qd5 18.
Bc2 Rad8 19. Qxd5 Bxd5 20. Nc5 Na5 21. b4 Nc4 22. Nb3 Nxe3 23. fxe3 Rc8 24. Rac1 Rfd8 25. Rfd1 Kf8 26. Bf5 Rc7 27. e4 Bxb3 28. Rxd8+ Bxd8 29. axb3 g6 30. Bg4 Bg5 31. Rc2 Be3+ 32. Kf1 Bd4 33.
c4 b6 34. Ra2 Ra7 35. Bc8 a5 36. bxa5 Rxa5 37. Rxa5 bxa5 38. Ke2 Ke7 39. Ba6 Kd6 40.
Bb5 Kc5 41. Kd3 f5 42. Be8 Kb4 43. Ba4 fxe4+ 44. Kxe4 Kc5 45. g4 Kb4 46. Kd5 h5 47. Ke4 hxg4 48. hxg4 Kc5 49. Kd3 Kb4 50. Ke4 Kc5 51. Be8 g5 52. Kf5 Kb4 53. Ba4 Be3 54. Kxe5 Kc5 55. Ke4 Bc1 56. Kd3 Bf4 57. Be8 Bb8 58. Bf7 Bf4 59. Be8 Bb8 60. Ba4 Bf4 61.
Ke4 Bc7 62. Kf5 Bf4 63. Ke6 Be3 64. Kd7 Bf4 65. Kc8 Be3 66. Kb7 Bf4 67. Kc8 Bd2 68. Kd7 Bf4 69. Ke6 Bd2 70. Kf5 Bf4 71. Ke6 1/2-1/2

[Event "Early-Titled-Tuesday-Blitz-October-10-2023"]
[Site "Chess.com"]
[Date "2023.10.10"]
[Round "10"]
[White "Fandorine"]
[Black "Abund"]
[Result "1-0"]
[WhiteElo "2921"]
[BlackElo "2791"]
[TimeControl "180+1"]
[EndTime "9:55:38 PDT"]
[Termination "Fandorine won by checkmate"]

1. g3 d5 2. Nf3 c5 3. Bg2 Nc6 4. d4 Nf6 5. O-O e6 6. c4 dxc4 7. dxc5 Qxd1 8. Rxd1 Bxc5 9. Nbd2 c3 10. bxc3 O-O 11.
Nb3 Be7 12. Nfd4 Nxd4 13. cxd4 Nd5 14. Na5 Bb4 15. Nc4 Bd7 16. Bd2 Nc3 17. Bxc3 Bxc3 18. Rac1 Ba4 19. Rd3 Bb4 20. Nb2 Bd7 21. Rc7 Rfd8 22.
Rxb7 Rab8 23. Rxb8 Rxb8 24. Rb3 Bd6 25. Rxb8+ Bxb8 26. e3 Bb5 27. Bf1 Bc6 28. f4 Kf8 29. Kf2 Ke7 30. Bc4 Be4 31. Bb3 h6 32. Nc4 Bc7 33.
Ke2 g5 34. Nd2 Bc6 35. Bc4 Kf6 36. Bd3 Bd5 37. a4 Ke7 38. Bb5 Kf6 39. e4 Bb7 40. Ke3 gxf4+ 41. gxf4 Kg6 42. Be8 Kf6 43. Nf3 Ke7 44.
Bb5 f6 45. Nh4 Kf7 46. Bc4 Ke7 47. Ng6+ Kd6 48. e5+ fxe5 49. fxe5+ Kd7 50. Nf8+ Ke7 51. Nxe6 Bb6 52. Nc5 Bc6 53. Bb5 Bd5 54. Nd3 Ba5 55. Nf4 Bb3 56. d5 Bc3 57. d6+ Kf7 58. Ke4 Bc2+ 59.
Bd3 Bxa4 60. Bc4+ Ke8 61. e6 Bb4 62. Kd5 a5 63. Bd3 Kd8 64. e7+ Kc8 65. Bf5+ Kb7 66.
Bg6 Bxd6 67. Kxd6 Kb6 68. Nd5+ Kb7 69. Nc3 Be8 70. Bxe8 Kc8 71. Bc6 a4 72. e8=Q# 1-0

[Event "Early-Titled-Tuesday-Blitz-October-10-2023"]
[Site "Chess.com"]
[Date "2023.10.10"]
[Round "10"]
[White "Alenzer"]
[Black "HeinichessPY"]
[Result "1-0"]
[WhiteElo "2120"]
[BlackElo "2192"]
[TimeControl "180+1"]
[EndTime "9:55:40 PDT"]
[Termination "Alenzer won by checkmate"]

1. e4 e5 2. Nf3 Nc6 3. Bb5 a6 4. Ba4 Nf6 5. O-O b5 6. Bb3 Be7 7. Re1 O-O 8. d4 d6 9. c3 Na5 10. Bc2 exd4 11. cxd4 c5 12. e5 Ne8 13. Qd3 g6 14. dxc5 dxc5 15. Nc3 Qxd3 16. Bxd3 Bb7 17.
Ng5 Bxg5 18. Bxg5 Ng7 19. Be4 Ne6 20. Bh6 Rfd8 21. Bxb7 Nxb7 22. Ne4 c4 23. Rad1 Rxd1 24.
Rxd1 Rd8 25. Nf6+ Kh8 26. Rxd8+ Nexd8 27. f4 Nc5 28. Bf8 Nd3 29. Be7 Ne6 30. g3 Nxb2 31. Ng4 Nd1 32. Kf1 Nc3 33. a3 Nb1 34. Nh6 Kg7 35. Ng4 Nxa3 36. Bxa3 a5 37. Ne3 b4 38. Bc1 c3 39. Ke2 a4 40. Kd3 a3 41. Nc2 a2 42. Na1 b3 43. Kxc3 Nc5 44. Be3 Ne4+ 45. Kxb3 Kh6 46. Kxa2 Kh5 47. Nc2 Kg4 48. Nd4 Kh3 49.
Nf3 Kg2 50. Ng5 Nxg5 51. fxg5 Kxh2 52. Bf4 Kh3 53. Kb3 Kg4 54. Kc3 Kf5 55. Kd4 Ke6 56. Ke4 Ke7 57. Kd5 Kd7 58. g4 Ke7 59. Be3 Kd7 60.
Bc5 Ke8 61. Kd6 Kd8 62. Bd4 Ke8 63. Bb6 Kf8 64. Kd7 Kg7 65. Ke7 h5 66. gxh6+ Kxh6 67. Kxf7 g5 68. e6 Kh7 69. e7 Kh6 70. e8=Q Kh7 71.
Qg8+ Kh6 72. Qg6# 1-0

[Event "Early-Titled-Tuesday-Blitz-October-10-2023"]
[Site "Chess.com"]
[Date "2023.10.10"]
[Round "10"]
[White "Lady_Nika"]
[Black "BeanScreen"]
[Result "1-0"]
[WhiteElo "2565"]
[BlackElo "2696"]
[TimeControl "180+1"]
[EndTime "9:55:51 PDT"]
[Termination "Lady_Nika won by checkmate"]

1. d4 d5 2. e3 Nf6 3. f4 Bf5 4.
Bd3 Bg6 5. Nf3 e6 6. O-O c5 7. c3 Nc6 8. Ne5 Bd6 9. Qe2 Bxe5 10. fxe5 Bxd3 11. Qxd3 Ne4 12. Nd2 Nxd2 13. Bxd2 O-O 14.
Rf2 f5 15. exf6 Rxf6 16. Raf1 Rxf2 17. Rxf2 Qe7 18. e4 c4 19. Qe2 Rf8 20. exd5 exd5 21. Rxf8+ Kxf8 22. Qg4 Nd8 23. h4 Kg8 24. Bg5 Qe1+ 25.
Kh2 Ne6 26. Qf5 Qe4 27. Qxe4 dxe4 28. Kg3 Kf7 29. Bf4 Kg6 30. Bb8 a6 31. Bd6 Kf5 32. Kf2 Nd8 33. Ke3 Ke6 34. Bc7 Nc6 35. Kxe4 Ne7 36.
Be5 g6 37. g4 Nd5 38. h5 b5 39. hxg6 hxg6 40. Bg3 a5 41. g5 a4 42. Be1 Nb6 43. Bd2 Nd5 44. Bc1 Nb6 45. Be3 Nd5 46. Bd2 Ne7 47.
d5+ Nxd5 48. Kd4 Kd6 49. Be1 Ne7 50. Bg3+ Kc6 51. Ke5 a3 52. bxa3 Nd5 53. Be1 Kc5 54. Bf2+ Kc6 55. Bd4 Ne7 56. Kf6 Kd7 57. Be5 Nd5+ 58.
Kxg6 Ke6 59. Bh8 Nf4+ 60. Kh7 Kf7 61. Be5 Ng6 62. Bd4 Nf4 63. Kh6 Ng6 64. Kh5 Nf4+ 65.
Kg4 Ng6 66. Kf5 Ne7+ 67. Ke5 Nc8 68. Kd5 Kg6 69. Bf6 Nb6+ 70. Kc5 Na4+ 71. Kxb5 Nb2 72. a4 Kf7 73. a5 Ke6 74. a6 Kd5 75. a7 Ke4 76. a8=Q+ Kd3 77. Qf3+ Kc2 78. Qe2+ Kb1 79.
g6 Kxa2 80. g7 Kb3 81. g8=Q Na4 82. Qgxc4+ Ka3 83. Qxa4# 1-0

[Event "Early-Titled-Tuesday-Blitz-October-10-2023"]
[Site "Chess.com"]
[Date "2023.10.10"]
[Round "10"]
[White "MITerryble"]
[Black "Jospem"]
[Result "0-1"]
[WhiteElo "3018"]
[BlackElo "3100"]
[TimeControl "180+1"]
[EndTime "9:56:01 PDT"]
[Termination "Jospem won on time"]

1. Nf3 c5 2. e3 Nf6 3. b3 g6 4. Bb2 Bg7 5. c4 O-O 6. Be2 b6 7. O-O Bb7 8. d4 cxd4 9. Nxd4 d6 10. Bf3 Qc8 11. Nc3 Nbd7 12. Rc1 Re8 13. Nd5 a6 14.
Re1 e6 15. Nc3 Ne5 16. Bxb7 Qxb7 17. Qe2 Ned7 18. Qf3 Qc7 19. Red1 Rac8 20. h3 Red8 21. Qe2 Qb7 22. Qf3 Qc7 23. Qe2 Nc5 24. Rc2 Qb7 25. Qf3 Qc7 26. Qe2 Rd7 27. Rcd2 Qb7 28. Qf3 Nfe4 29. Nxe4 Nxe4 30. Rd3 b5 31. cxb5 axb5 32.
Qe2 Rdc7 33. f3 Nc5 34. R3d2 Rb8 35. Rc2 b4 36. Qd2 Rbc8 37. Rdc1 h5 38. Rc4 Rb8 39. Ne2 Bxb2 40. Qxb2 Qa6 41. Qd2 Ra7 42. R1c2 Qb6 43. Qd4 e5 44. Qd5 Ne6 45. Kf2 Ra5 46. Qc6 d5 47. Qxb6 Rxb6 48. Rc8+ Kg7 49. Rd2 Rba6 50. Rcc2 Rb6 51. Nc1 d4 52. Nd3 dxe3+ 53. Kxe3 Nd4 54. Rc4 Rab5 55. Kf2 Nf5 56. Nc5 h4 57. Na4 Rb8 58. Nc5 Ra8 59. Ne4 Nd4 60. Nc5 Ra7 61. Na4 Ne6 62.
Re2 Kf6 63. Rd2 g5 64. Rc6 Kg7 65. Rc4 Raa5 66. Re4 Kf6 67. Rc4 Kf5 68. Rd3 f6 69. Rd2 Rd5 70. Rdc2 Nf4 71. Kf1 Rd1+ 72. Kf2 Rad5 73.
Nc5 R5d2+ 74. Rxd2 Rxd2+ 75. Kf1 Rxg2 76. Ne4 Rxa2 77.
Rc6 Nh5 78. Rc4 Ng3+ 79. Kg1 Ne2+ 80. Kf1 Nd4 81. Rxb4 Nxf3 82. Nd6+ Kg6 83. Rb6 g4 84. hxg4 h3 85. Ne4 Nd2+ 0-1

[Event "Early-Titled-Tuesday-Blitz-October-10-2023"]
[Site "Chess.com"]
[Date "2023.10.10"]
[Round "10"]
[White "parintele_chess"]
[Black "Mr_ruthless"]
[Result "0-1"]
[WhiteElo "2270"]
[BlackElo "2464"]
[TimeControl "180+1"]
[EndTime "9:56:01 PDT"]
[Termination "Mr_ruthless won on time"]

1. d4 d5 2. Bf4 Nf6 3. Nf3 c5 4. e3 Nc6 5. Nbd2 e6 6. c3 Bd6 7. Bg3 O-O 8. Bd3 Re8 9. Ne5 Bxe5 10. dxe5 Nd7 11. Qh5 g6 12. Qh6 Ndxe5 13. Bc2 Qf6 14.
Bh4 Ng4 15. Bxf6 Nxh6 16. Bg5 Kg7 17. h4 f6 18. Bf4 e5 19. Bxh6+ Kxh6 20. h5 Kg7 21.
O-O-O Be6 22. Nb3 b6 23. Rh2 Rad8 24. hxg6 hxg6 25. Rdh1 Rh8 26. Rxh8 Rxh8 27. Rxh8 Kxh8 28. Bxg6 f5 29. f4 e4 30. Be8 Ne7 31. Nd2 Kg7 32. Nf1 Bf7 33. Bd7 Kf6 34. Ng3 Be6 35.
Nh5+ Kf7 36. Bxe6+ Kxe6 37. Ng7+ Kf7 38. Nh5 Kg6 39. Ng3 Ng8 40. Kd2 Nf6 41. Ke2 b5 42. Nh1 Kh5 43. Nf2 Kh4 44. Nh3 Nh7 45. Kf2 Kg4 46.
b4 cxb4 47. cxb4 Kh4 48. Ke2 Kg3 49. Ng5 Nf8 50. Nf7 Ng6 51. Nd6 Ne7 52. Nxb5 a6 53.
Nc7 Kxg2 54. Nxa6 Nc6 55. a3 d4 56. exd4 Nxd4+ 57. Ke3 Nc2+ 58. Kd2 Nxa3 59. Nb8 Kf3 60. Nd7 Kxf4 61. Kc3 Kf3 62. Ne5+ Ke2 63. Kb3 Nb5 64. Kc4 Nc7 65. Kc5 Na6+ 66. Kb5 Nxb4 67. Kxb4 f4 68.
Kc3 f3 69. Ng4 e3 70. Kd4 f2 71. Nxe3 Kf3 0-1

[Event "Early-Titled-Tuesday-Blitz-October-10-2023"]
[Site "Chess.com"]
[Date "2023.10.10"]
[Round "10"]
[White "fu24"]
[Black "GalaxyRoman"]
[Result "1/2-1/2"]
[WhiteElo "2641"]
[BlackElo "2792"]
[TimeControl "180+1"]
[EndTime "9:57:15 PDT"]
[Termination "Game drawn - insufficient material"]

1. d4 Nf6 2. Bf4 b6 3. e3 Bb7 4.
h3 g6 5. Nf3 Bg7 6. Be2 O-O 7.
c4 d6 8. Nc3 Nbd7 9. O-O Re8 10. Bh2 e5 11. b4 Qe7 12. Re1 Rac8 13. a4 c5 14. bxc5 bxc5 15. d5 a6 16. Rb1 Ba8 17. a5 h6 18. Na4 Ne4 19. Nd2 Ndf6 20. Nxe4 Nxe4 21. Bd3 Nf6 22. e4 Nh5 23. Rb6 Bb7 24.
Qb3 Rc7 25. Rb1 Bc8 26. Rb8 Qg5 27. Bf1 Bd7 28. Rxe8+ Bxe8 29. Qb8 Qe7 30. Nc3 Nf6 31. Rb6 Bf8 32. Qa8 Ra7 33. Qc8 Qd7 34. Qxd7 Nxd7 35.
Rb2 Be7 36. f4 Bf6 37. fxe5 Nxe5 38. Rb8 Kf8 39. Na4 Ke7 40. Nb6 Bd7 41. Be2 h5 42. Bf4 Bg7 43. Kf2 Bf6 44. Bd1 Bg7 45. Ke3 Bf6 46. Ba4 Bxa4 47. Nc8+ Kd7 48. Nxa7 Nxc4+ 49. Kf2 Nxa5 50. Rb6 Nc4 51. Rb7+ Ke8 52. Nc6 Kf8 53. Ra7 Bc2 54. Kf3 g5 55. Bc1 g4+ 56. hxg4 hxg4+ 57. Kf4 Kg7 58. Rxa6 Be5+ 59. Nxe5 dxe5+ 60. Kxg4 Bxe4 61. d6 Bd5 62. g3 Be6+ 63. Kg5 f6+ 64. Kh5 Kf7 65.
Ra7+ Kf8 66. d7 Ke7 67. Ba3 Bxd7 68. Bxc5+ Ke6 69. Ra6+ Kf5 70. Be7 Be6 71. g4+ Kf4 72.
Rxe6 f5 73. gxf5 Kxf5 74. Rf6+ Ke4 75. Kg4 Ne3+ 76. Kg5 Nd5 77. Rf7 Nf4 78. Bf6 Nd3 79. Re7 Kd4 80. Rd7+ Ke4 81. Bh8 Ke3 82. Kf5 e4 83. Re7 Nf2 84. Bf6 Kf3 85. Bh4 Ng4 86. Rxe4 Nh6+ 87. Ke5 Ng4+ 88. Kd4 Nh6 89. Bd8 Nf5+ 90.
Ke5 Ne3 91. Rf4+ Ke2 92. Bb6 Nc2 93. Rf2+ Kd3 94. Kd5 Nb4+ 95. Kc5 Nc2 96. Kb5 Na3+ 97. Ka4 Nc2 98. Kb3 Ne1 99. Rh2 Nf3 100. Rh3 Ke4 101. Rh1 Nd2+ 102. Kc2 Nf3 103. Ba5 Nd4+ 104. Kd2 Nb3+ 105.
Kc3 Nxa5 106. Rh4+ Kf3 107. Rh6 Kf4 108. Kb4 Nb7 109. Kb5 Nd8 110. Kb6 Kg5 111. Rd6 Nf7 112. Rd7 Ne5 113. Kc5 Nxd7+ 1/2-1/2

[Event "Early-Titled-Tuesday-Blitz-October-10-2023"]
[Site "Chess.com"]
[Date "2023.10.10"]
[Round "11"]
[White "Drags95"]
[Black "Djager97"]
[Result "0-1"]
[WhiteElo "2844"]
[BlackElo "2632"]
[TimeControl "180+1"]
[EndTime "9:59:15 PDT"]
[Termination "Djager97 won by resignation"]

1. d4 Nf6 2. c4 c5 3. d5 d6 4. Nc3 g6 5. e4 Bg7 6. Nf3 O-O 7. h3 e6 8. Bd3 exd5 9. exd5 Re8+ 10. Be3 Rxe3+ 11. fxe3 Qe7 12. O-O Nbd7 13. Kh1 Nh5 14.
Qe1 Ne5 15. g4 Nxd3 0-1

[Event "Early-Titled-Tuesday-Blitz-October-10-2023"]
[Site "Chess.com"]
[Date "2023.10.10"]
[Round "11"]
[White "cande_francisco"]
[Black "inagreV"]
[Result "1-0"]
[WhiteElo "2534"]
[BlackElo "2310"]
[TimeControl "180+1"]
[EndTime "9:59:39 PDT"]
[Termination "cande_francisco won by resignation"]

1. e4 c6 2. d4 d5 3. e5 Bf5 4. h4 h5 5. Bg5 Qb6 6. Bd3 Qxd4 7. Nf3 Qg4 8. Bxf5 Qxf5 9. c4 f6 10.
exf6 exf6 11. Be3 Bb4+ 12. Nc3 Ne7 13. O-O Bxc3 14. bxc3 O-O 15. Bc5 Rf7 16. Re1 Ng6 17. Re8+ Kh7 18. Ng5+ Qxg5 19. hxg5 1-0

[Event "Early-Titled-Tuesday-Blitz-October-10-2023"]
[Site "Chess.com"]
[Date "2023.10.10"]
[Round "11"]
[White "Quattroporte300"]
[Black "Boxerandchessplayer"]
[Result "1-0"]
[WhiteElo "2373"]
[BlackElo "2175"]
[TimeControl "180+1"]
[EndTime "9:59:41 PDT"]
[Termination "Quattroporte300 won by resignation"]

1. e4 e6 2. d4 d5 3. Nd2 dxe4 4. Nxe4 Nd7 5. Nf3 Ngf6 6. Nxf6+ Nxf6 7. Bd3 Be7 8. O-O O-O 9. Bf4 b6 10. Qe2 Bb7 11.
Rad1 Rc8 12. Rfe1 Nd5 13. Qe4 g6 14. Bh6 Re8 15. c3 Rb8 16. Qg4 Nf6 17. Qh3 Bf8 18. Bg5 Be7 19. Ne5 Nd7 20. Nxf7 1-0

[Event "Early-Titled-Tuesday-Blitz-October-10-2023"]
[Site "Chess.com"]
[Date "2023.10.10"]
[Round "11"]
[White "ChessQueen"]
[Black "LangesNasenhaar"]
[Result "1-0"]
[WhiteElo "2713"]
[BlackElo "2554"]
[TimeControl "180+1"]
[EndTime "9:59:53 PDT"]
[Termination "ChessQueen won by checkmate"]

1. d4 g6 2. e4 Bg7 3. Nc3 c6 4. Bc4 e6 5. e5 b5 6. Bb3 Ne7 7. Ne4 O-O 8. Bg5 Re8 9. Qf3 Qb6 10. Nd6 Qxd4 11. Qxf7+ Kh8 12. Qxe8+ Ng8 13. Nf7# 1-0

[Event "Early-Titled-Tuesday-Blitz-October-10-2023"]
[Site "Chess.com"]
[Date "2023.10.10"]
[Round "11"]
[White "MightyGMpretender"]
[Black "GradualismUnleashed"]
[Result "1-0"]
[WhiteElo "2734"]
[BlackElo "2561"]
[TimeControl "180+1"]
[EndTime "10:00:05 PDT"]
[Termination "MightyGMpretender won by resignation"]

1. e4 c5 2. Nf3 e6 3. d4 cxd4 4.
Nxd4 Nc6 5. Nc3 Qc7 6. a3 a6 7. Qd3 Nxd4 8. Qxd4 Nf6 9. e5 Bc5 10.
Qf4 Ng8 11. Ne4 b5 12. Bd3 Bb7 13. O-O f5 14. exf6 Qxf4 15. Bxf4 Bxe4 16. fxg7 1-0

[Event "Early-Titled-Tuesday-Blitz-October-10-2023"]
[Site "Chess.com"]
[Date "2023.10.10"]
[Round "11"]
[White "Javylavilla"]
[Black "DarZay"]
[Result "1-0"]
[WhiteElo "2370"]
[BlackElo "2227"]
[TimeControl "180+1"]
[EndTime "10:00:31 PDT"]
[Termination "Javylavilla won by resignation"]

1. e4 c5 2. Nf3 Nc6 3. Bb5 g6 4. Bxc6 dxc6 5. d3 Bg7 6. h3 e5 7. Be3 b6 8. Qd2 Qd6 9. Nc3 Nf6 10. Bh6 Bxh6 11. Qxh6 Bd7 12. O-O-O O-O-O 13. Ng5 Rhf8 14. Qh4 h6 15. Qxh6 Rh8 16. Qg7 Rdf8 17. Nxf7 Qe7 18.
Qxh8 Rxh8 19. Nxh8 Qh7 20. Nxg6 Qxg6 21. g4 Qf5 22.
exf5 1-0

[Event "Early-Titled-Tuesday-Blitz-October-10-2023"]
[Site "Chess.com"]
[Date "2023.10.10"]
[Round "11"]
[White "maracayo"]
[Black "SlavenPastar"]
[Result "0-1"]
[WhiteElo "2372"]
[BlackElo "2546"]
[TimeControl "180+1"]
[EndTime "10:00:32 PDT"]
[Termination "SlavenPastar won by resignation"]

1. e4 b6 2. d4 Bb7 3. Nd2 e6 4.
Ngf3 Nf6 5. Bd3 d5 6. e5 Ne4 7. Qe2 Nxd2 8. Bxd2 c5 9. c3 Be7 10. h4 a5 11. Bb5+ Bc6 12. a4 Bxb5 13. axb5 Qd7 14. b3 Qc7 15. Rh3 cxd4 16. cxd4 Qc2 17. Bg5 Qc3+ 0-1

[Event "Early-Titled-Tuesday-Blitz-October-10-2023"]
[Site "Chess.com"]
[Date "2023.10.10"]
[Round "11"]
[White "Doomfist26"]
[Black "PeshkaCh"]
[Result "0-1"]
[WhiteElo "2630"]
[BlackElo "2812"]
[TimeControl "180+1"]
[EndTime "10:00:34 PDT"]
[Termination "PeshkaCh won by resignation"]

1. e4 e5 2. Nf3 Nc6 3. d4 exd4 4. Ng5 d5 5. Bb5 Be7 6. Nf3 dxe4 7. Nxd4 Bd7 8. Nxc6 bxc6 9. Bc4 Nf6 10. O-O O-O 11. Nc3 Bf5 12. Qe2 Qd4 13. Be3 Qe5 14. f4 exf3 15. Qxf3 Ng4 0-1

[Event "Early-Titled-Tuesday-Blitz-October-10-2023"]
[Site "Chess.com"]
[Date "2023.10.10"]
[Round "11"]
[White "KamlaPasand"]
[Black "FERNANDEZL1983"]
[Result "0-1"]
[WhiteElo "2446"]
[BlackElo "2511"]
[TimeControl "180+1"]
[EndTime "10:01:15 PDT"]
[Termination "FERNANDEZL1983 won by resignation"]

1. e4 c5 2. Nf3 Nc6 3. d4 cxd4 4.
Nxd4 g6 5. Nc3 Bg7 6. Be3 Nf6 7. Bc4 O-O 8. f3 Qb6 9. Bb3 Nxe4 10. Nd5 Qa5+ 11. c3 Nf6 12. Nxc6 dxc6 13. Nxe7+ Kh8 14. Nxc8 Raxc8 15. O-O Rcd8 16. Qc2 Nd5 17. Bf2 Nf4 18. Rad1 Qg5 19. Bg3 h5 20. Rd7 Rxd7 0-1

[Event "Early-Titled-Tuesday-Blitz-October-10-2023"]
[Site "Chess.com"]
[Date "2023.10.10"]
[Round "11"]
[White "Duhless"]
[Black "SALVA-DALI"]
[Result "1-0"]
[WhiteElo "2934"]
[BlackElo "2766"]
[TimeControl "180+1"]
[EndTime "10:01:25 PDT"]
[Termination "Duhless won by resignation"]

1. e4 c5 2. b4 cxb4 3. a3 b3 4.
cxb3 d5 5. exd5 Qxd5 6. Nc3 Qe5+ 7. Be2 Nf6 8. Nf3 Qd6 9. d4 e6 10. O-O Be7 11. Ne5 O-O 12. Bf4 Qd8 13. Bf3 Nbd7 14.
Nxd7 Qxd7 15. d5 exd5 16. Nxd5 Nxd5 17. Qxd5 Qxd5 18. Bxd5 Be6 19. Bxb7 Rad8 20. b4 Bf6 21. Rad1 Bb2 22. Bd6 Rfe8 23. Bc6 Bc4 24. Bxe8 Bxf1 25.
Kxf1 Rxe8 26. a4 Rd8 27. Ke2 Bc3 28. b5 Ba5 29. Bc5 Re8+ 30. Kf3 Bb6 31. Bxb6 axb6 32. Rd6 h5 33. Rxb6 1-0

[Event "Early-Titled-Tuesday-Blitz-October-10-2023"]
[Site "Chess.com"]
[Date "2023.10.10"]
[Round "11"]
[White "Xqswdc"]
[Black "Karttunen"]
[Result "0-1"]
[WhiteElo "2326"]
[BlackElo "2604"]
[TimeControl "180+1"]
[EndTime "10:01:44 PDT"]
[Termination "Karttunen won by resignation"]

1. e4 e5 2. Nf3 Nc6 3. Nc3 Nf6 4. d4 exd4 5. Nd5 Nb4 6. Bc4 Nbxd5 7. exd5 Bb4+ 8.
Kf1 c5 9. a3 Ba5 10. b4 Bb6 11.
Bb2 O-O 12. bxc5 Bxc5 13. Bxd4 Bxd4 14. Qxd4 d6 15. h4 Bf5 16. h5 h6 17. Rh4 Re8 18.
g4 Re4 19. Qd2 Bxg4 20. Bd3 Bxf3 21. Bxe4 Bxe4 22. Re1 Bxd5 23. Rg4 0-1

[Event "Early-Titled-Tuesday-Blitz-October-10-2023"]
[Site "Chess.com"]
[Date "2023.10.10"]
[Round "11"]
[White "salomez"]
[Black "Kotofeyca"]
[Result "0-1"]
[WhiteElo "2317"]
[BlackElo "2435"]
[TimeControl "180+1"]
[EndTime "10:01:58 PDT"]
[Termination "Kotofeyca won by resignation"]

1. d4 d5 2. Nc3 c6 3. Bf4 Bf5 4.
e3 Nf6 5. Bd3 e6 6. f3 Bxd3 7.
Qxd3 Bd6 8. Nge2 O-O 9. g4 Bxf4 10. Nxf4 Qc7 11. g5 Nfd7 12. O-O-O e5 13. dxe5 Nxe5 14. Qe2 Nbd7 15. h4 Rfe8 16. Qg2 Nc4 17. Ncxd5 cxd5 18. Nxd5 Qe5 19. c3 Nxe3 20. Nxe3 Qxe3+ 21. Kb1 Nf8 22. h5 Qe2 23. Qg4 Rad8 24. Rde1 Qd3+ 0-1

[Event "Early-Titled-Tuesday-Blitz-October-10-2023"]
[Site "Chess.com"]
[Date "2023.10.10"]
[Round "11"]
[White "VOneChess"]
[Black "kingapolak"]
[Result "1-0"]
[WhiteElo "2248"]
[BlackElo "2051"]
[TimeControl "180+1"]
[EndTime "10:01:59 PDT"]
[Termination "VOneChess won by resignation"]

1. e4 c5 2. Nf3 e6 3. d4 cxd4 4. Nxd4 Nc6 5. Nc3 Qc7 6. f4 a6 7. Nxc6 Qxc6 8. Bd3 d6 9. O-O b5 10. Qe2 b4 11. Nd5 Rb8 12. Bd2 Nf6 13. Nxf6+ gxf6 14. Kh1 h5 15. a3 a5 16. axb4 axb4 17. e5 Bb7 18. Bb5 1-0

[Event "Early-Titled-Tuesday-Blitz-October-10-2023"]
[Site "Chess.com"]
[Date "2023.10.10"]
[Round "11"]
[White "ActorXu"]
[Black "K_A_S_T_O_R"]
[Result "1/2-1/2"]
[WhiteElo "2773"]
[BlackElo "2900"]
[TimeControl "180+1"]
[EndTime "10:02:01 PDT"]
[Termination "Game drawn by repetition"]

1. e4 c5 2. Nf3 d6 3. Bb5+ Bd7 4. Bxd7+ Qxd7 5. c4 Nc6 6. Nc3 Nf6 7. d4 cxd4 8.
Nxd4 e6 9. f3 Be7 10. Be3 O-O 11. O-O Rfd8 12. Qe2 b6 13. Rfd1 Rac8 14. Rac1 Qb7 15.
Nxc6 Rxc6 16. b3 a6 17. a4 Nd7 18. Qa2 Rdc8 19. Ne2 Nc5 20. Nd4 R6c7 21. h3 Nd7 22. a5 bxa5 23. Qxa5 Rb8 24. b4 Rcc8 25. b5 axb5 26.
cxb5 Ne5 27. Qa4 Ra8 28. Qb3 Rab8 29. Qa4 Ra8 30. Qb3 Rab8 31. Qa4 1/2-1/2

[Event "Early-Titled-Tuesday-Blitz-October-10-2023"]
[Site "Chess.com"]
[Date "2023.10.10"]
[Round "11"]
[White "LuisFSiles"]
[Black "LUISMIGUELOV"]
[Result "1-0"]
[WhiteElo "2336"]
[BlackElo "2152"]
[TimeControl "180+1"]
[EndTime "10:02:03 PDT"]
[Termination "LuisFSiles won by resignation"]

1. e4 c6 2. d4 d5 3. exd5 cxd5 4.
c4 Nf6 5. Nc3 e6 6. Nf3 Bb4 7.
cxd5 Nxd5 8. Bd2 Nc6 9. Bd3 O-O 10. O-O Nxc3 11. bxc3 Be7 12. Qe2 a6 13. Qe4 g6 14.
Bh6 Re8 15. h4 Qd5 16. Qe2 Qh5 17. Bg5 Bxg5 18. hxg5 Bd7 19. Rab1 b5 20. Be4 Rac8 21. Qe3 Rb8 22. Qf4 Ne7 23. Ne5 Bc6 1-0